 Dungeon Sprint DCSS version 0.27.0-65-ge2af304b15 (webtiles) character file.

Game seed: 10005997993947681795

1998 styxcanada the Imperceptible (level 9, -10/70 HPs)
             Began as a Spriggan Brigand on Aug 18, 2021.
             Was an Initiate of Gozag.
             Mangled by a centaur warrior (11 damage)
             ... in the Dungeon (Sprint III: "The Ten Rune Challenge").
             The game lasted 00:07:27 (991 turns).

styxcanada the Imperceptible (Spriggan Brigand)      Turns: 991, Time: 00:07:27

Health: -10/70     AC:  3    Str:  9    XL:     9   Next: 2%
Magic:  19/19      EV: 24    Int: 12    God:    Gozag
Gold:   790        SH:  0    Dex: 20    Spells: 20/21 levels left

rFire    . . .     SeeInvis +   a - +2 dagger
rCold    . . .     Faith    .   (shield restricted)
rNeg     . . .     Spirit   .   b - +0 robe
rPois    .         Reflect  .   (helmet restricted)
rElec    .         Harm     .   c - +0 cloak
rCorr    .         Rampage  .   (gloves unavailable)
Will     +....     NoTele   +   (boots unavailable)
Stlth    ..........             (no amulet)
HPRegen  0.21/turn              (no ring)
MPRegen  0.16/turn              (no ring)

@: berserking, gold aura, very quick
A: very small, no large weapons, unfitting armour, see invisible, speed 3,
talons 1, strong 1
a: Renounce Religion, Potion Petition, Call Merchant, Bribe Branch


You were in the Dungeon.
You worshipped Gozag.
Gozag was pleased with you.
You visited 1 branch You collected 790 gold pieces.

Inventory:

Hand Weapons
 a - a +2 dagger (weapon)
 d - a +2 long sword of holy wrath
 l - a +2 quarterstaff of chaos
 u - a +2 scimitar of flaming
Missiles
 e - 2 curare-tipped darts (quivered)
 s - 7 poisoned darts
Armour
 b - a +0 robe (worn)
 c - a +0 cloak (worn)
Scrolls
 k - a scroll of blinking
 m - a scroll of immolation {unknown}
 n - 4 scrolls of identify
 p - a scroll of torment {unknown}
Potions
 f - 3 potions of curing
 g - a potion of heal wounds
 h - a potion of haste
 i - 2 potions of magic
 o - 2 potions of flight {unknown}
 q - a potion of lignification {unknown}
 r - 3 potions of mutation


   Skills:
 * Level 5.3 Fighting
 + Level 6.2 Short Blades
 + Level 5.0 Throwing
 * Level 8.7 Dodging
 * Level 21.0 Stealth
 * Level 6.6 Spellcasting
 * Level 2.7 Conjurations
 * Level 3.0 Fire Magic


You had 20 spell levels left.
You knew the following spells:

 Your Spells              Type           Power      Damage    Failure   Level
a - Foxfire               Conj/Fire      40%        2x1d6     5%          1

Your spell library contained the following spells:

 Spells                   Type           Power      Damage    Failure   Level
 Conjure Flame            Conj/Fire      10%        6-21      16%         3
 Inner Flame              Hex/Fire       7%         N/A       28%         3


Dungeon Overview and Level Annotations

Branches:
Dungeon (1/1)

Altars:
Cheibriados
Dithmenos
Elyvilon
Fedhas
Gozag
Hepliaklqana
Kikubaaqudgha
Makhleb
Nemelex Xobeh
Okawaru
Qazlal
Ru
Sif Muna
Trog
Uskayaw
Vehumet
Wu Jian
Xom
Yredelemnul
Zin
The Shining One
Beogh
Jiyva
Lugonu


Innate Abilities, Weirdness & Mutations

You are very small and have problems with some larger weapons.
You are too small for most types of armour.
You have supernaturally acute eyesight. (SInv)
You cover ground extremely quickly. (Speed+++)
You have sharp toenails.
Your muscles are strong. (Str +2)


Message History

The centaur warrior hits you. The centaur warrior kicks you.
You barely miss the centaur. You claw the centaur!
The centaur is heavily wounded.
The centaur completely misses you. The centaur misses you.
The centaur completely misses you. x2; The centaur warrior hits you!
* * * LOW HITPOINT WARNING * * *
The centaur warrior misses you.
You puncture the centaur!
You kill the centaur!
The centaur closely misses you. The centaur misses you.
Your Fire Magic skill increases to level 3!
You have reached level 9!
Your experience leads to an increase in your attributes!
Your base attributes are Str 7, Int 12, Dex 19.
Increase (S)trength, (I)ntelligence, or (D)exterity?
You feel agile.
You hit the centaur warrior. You claw the centaur warrior!
The centaur warrior is moderately wounded.
The centaur warrior hits you!
* * * LOW HITPOINT WARNING * * *
The centaur warrior closely misses you.
You hit the centaur warrior.
The centaur warrior is moderately wounded.
The centaur misses you. The centaur closely misses you.
The centaur warrior barely misses you.
The centaur warrior completely misses you.
You closely miss the centaur warrior.
The centaur warrior is moderately wounded.
The centaur closely misses you. The centaur kicks you.
* * * LOW HITPOINT WARNING * * *
You puncture the centaur warrior! You claw the centaur warrior!
The centaur warrior is severely wounded.
The centaur warrior completely misses you.
The centaur warrior kicks you but does no damage.
The centaur is distracted by your dazzling golden aura.
You hit the centaur warrior. Your kick misses the centaur warrior.
The centaur warrior is severely wounded.
The centaur warrior hits you!
You die...
Your body crumbles into a pile of gold.

_)#._# ###'## $
.....#$$ .....# $$$
$ ####'# $ $ $
_#...#+#############
_#...#..§§≈'.#.'...+
_#...#.#≈≈≈#.#.#...#
_#...'.#.§§#.#.#@c.#
_'...#.#§§§#...#c$.#
▓▓▓▓▓▓▓▓▓▓▓▓▓▓▓▓▓▓▓#
$$


You could see a centaur warrior and a centaur.

Vanquished Creatures
  Erica (D)
  A deep elf pyromancer (D)
  A shadow (D)
  A spatial vortex (D)
  A necrophage (D)
  A centaur (D)
  An earth elemental (D)
  A water elemental (D)
  A jelly (D)
  Crazy Yiuf (D)
  A wizard (D)
  A necromancer (D)
  3 humans (D)
  A kobold demonologist (D)
  An endoplasm (D)
  3 rats (D)
20 creatures vanquished.

Vanquished Creatures (others)
  13 foxfires (D)
13 creatures vanquished.

Grand Total: 33 creatures vanquished

Notes
Turn   | Place    | Note
-------+----------+-------------------------------------------
     0 | D        | styxcanada the Spriggan Brigand began the quest for the
                  | Orb.
     0 | D        | Reached XP level 1. HP: 10/10 MP: 2/2
    11 | D        | Reached skill level 6 in Stealth
   127 | D        | Reached skill level 7 in Stealth
   157 | D        | Noticed Crazy Yiuf
   160 | D        | Killed Crazy Yiuf
   161 | D        | Reached skill level 9 in Stealth
   161 | D        | Reached XP level 2. HP: 15/15 MP: 3/3
   161 | D        | Reached XP level 3. HP: 18/18 MP: 4/4
   165 | D        | Reached skill level 10 in Stealth
   188 | D        | Gained mutation: Your muscles are strong. (Str +2) [potion
                  | of mutation]
   188 | D        | Gained mutation: You have sharp toenails. [potion of
                  | mutation]
   194 | D        | Noticed a water elemental
   197 | D        | Killed a water elemental
   198 | D        | Reached skill level 12 in Stealth
   198 | D        | Reached XP level 4. HP: 23/23 MP: 5/5
   207 | D        | Noticed a shadow
   209 | D        | Killed a shadow
   210 | D        | Reached skill level 5 in Dodging
   210 | D        | Reached skill level 15 in Stealth
   210 | D        | Reached XP level 5. HP: 28/28 MP: 5/10
   231 | D        | Reached XP level 6. HP: 11/33 MP: 6/11
   431 | D        | Found a blossoming altar of Fedhas.
   431 | D        | Found a stormy altar of Qazlal.
   431 | D        | Found a snail-covered altar of Cheibriados.
   431 | D        | Found a burning altar of Makhleb.
   431 | D        | Found a shimmering altar of Xom.
   432 | D        | Found a hazy altar of Hepliaklqana.
   432 | D        | Found an opulent altar of Gozag.
   432 | D        | Found a sparkling altar of Nemelex Xobeh.
   432 | D        | Found a corrupted altar of Lugonu.
   432 | D        | Found a viscous altar of Jiyva.
   432 | D        | Noticed a spatial vortex
   436 | D        | Became a worshipper of Gozag Ym Sagoz the Greedy
   474 | D        | Killed a spatial vortex
   475 | D        | Reached skill level 16 in Stealth
   488 | D        | Found a basalt altar of Yredelemnul.
   488 | D        | Found a shadowy altar of Dithmenos.
   488 | D        | Found a sacrificial altar of Ru.
   491 | D        | Reached skill level 17 in Stealth
   508 | D        | Found a radiant altar of Vehumet.
   508 | D        | Found a shimmering blue altar of Sif Muna.
   508 | D        | Found an ancient bone altar of Kikubaaqudgha.
   511 | D        | Reached XP level 7. HP: 37/37 MP: 14/14
   519 | D        | Learned a level 1 spell: Foxfire
   525 | D        | Found a glowing silver altar of Zin.
   525 | D        | Found a glowing golden altar of the Shining One.
   525 | D        | Found a white marble altar of Elyvilon.
   526 | D        | Noticed a deep elf pyromancer
   564 | D        | Killed a deep elf pyromancer
   565 | D        | Reached skill level 5 in Short Blades
   565 | D        | Reached skill level 19 in Stealth
   565 | D        | Reached skill level 5 in Spellcasting
   565 | D        | Reached skill level 1 in Conjurations
   565 | D        | Reached skill level 1 in Fire Magic
   734 | D        | Found a hide-covered altar of Uskayaw.
   734 | D        | Found an iron altar of Okawaru.
   734 | D        | Found a bloodstained altar of Trog.
   734 | D        | Found an ornate altar of the Wu Jian Council.
   734 | D        | Noticed a human
   734 | D        | Noticed a human
   737 | D        | Killed a human
   738 | D        | Reached XP level 8. HP: 42/42 MP: 17/17
   759 | D        | Noticed Erica
   762 | D        | Killed Erica
   763 | D        | Reached skill level 5 in Fighting
   763 | D        | Reached skill level 20 in Stealth
   821 | D        | Reached skill level 5 in Throwing
   821 | D        | Reached skill level 21 in Stealth
   980 | D        | Noticed a centaur warrior
   987 | D        | Reached XP level 9. HP: 15/47 MP: 19/19
   987 | D        | HP: 3/70 [centaur warrior (12)]
   989 | D        | HP: 1/70 [centaur (3)]
   991 | D        | Mangled by a centaur warrior

Illustrated notes

Levels and vault maps discovered:
D:        dungeon_sprint_mu [sprint_mu_entry_cave, sprint_mu_temple_rooms,
          sprint_mu_d1_horrors, sprint_mu_d2_genie, sprint_mu_d3_branching,
          sprint_mu_orc_legion, sprint_mu_elf_gauntlet, sprint_mu_hive_nellie,
          sprint_mu_lair_fedhas, sprint_mu_vaults_butterflies,
          sprint_mu_slime_circle, sprint_mu_swamp_cave, sprint_mu_snake_twists,
          sprint_mu_blade_basic, sprint_mu_crypt_lich, sprint_mu_tomb_spiral,
          sprint_mu_vestibule_basic, sprint_mu_gehenna_hellfire,
          sprint_mu_dis_giant, sprint_mu_tartarus_statrot,
          sprint_mu_cocytus_islands, sprint_mu_zot1]

Skill      XL: |  1  2  3  4  5  6  7  8 |
---------------+-------------------------+-----
Stealth        | 9 12 15 17 19 21 | 21.0
Fighting       | 2 3 4 5 |  5.3
Dodging        | 2 4 5 6 7 8 |  8.7
Short Blades   | 3 4 5 6 |  6.2
Spellcasting   | 3 4 5 6 |  6.6
Throwing       | 3 4 5 |  5.0
Conjurations   | 1 2 |  2.7
Fire Magic     | 1 3 |  3.0

Action                   |  1- 3 |  4- 6 |  7- 9 || total
-------------------------+-------+-------+-------++-------
Melee: Dagger            |     9 |    25 |    22 ||    56
       Kick              |       |    10 |    10 ||    20
Throw: Dart              |       |     5 |    10 ||    15
 Cast: Foxfire           |       |       |     9 ||     9
  Use: Potion            |     1 |       |     3 ||     4
 Stab: Sleeping          |     5 |     4 |     4 ||    13
Armor: Robe              |       |       |     1 ||     1
Dodge: Dodged            |       |     9 |    32 ||    41
